← All builds
Beach sea / Cortex / Economy first / OBSERVED BUILD

Standard beach sea

Cortex Beach sea build order · Supreme Isthmus

The role's usual play: com goes to sea to build a shipyard around 2 minutes, pumping frigates and destroyers to contest enemy sea entry or hold vision, with an advanced metal extractor around 10 minutes as the transition into the team's…

Usually shipyard first (93%)

#naval #eco · 1552 distinct matches · 206 players · 84% of Cortex Beach sea games · team won 55% of 1756 · Recently observed

HOW TO PLAY IT

Key timing: Shipyard by 1:56

  1. Open 3 mex, then send com to sea to build Shipyard by 1:56.
  2. Add tidal generators, wind and more mex to fund the shipyard.
  3. Pump Riptide first, then Oppressor to contest enemy sea entry.
  4. Get T2 constructor out to start scaling the naval economy.
  5. Transition into Advanced Metal Extractor as the economy phase begins.

Phase by phase

TYPICAL OF ITS 1552 GAMES
  1. 1
  2. 2
  3. 3
PLAY THE OPENING

Follow the example game's first 6:00 step by step: what to build now, what comes next, and where it goes. At 1× it keeps pace with your own game.

  1. 1

    Up to the Shipyard

    Economy
    • Metal Extractor3Mex
    • Wind Turbine3Windfor allies
    • Wind Turbine2Wind
    • Energy Storage1Energy storage
    Order
    1. ShipyardShipyard after 3 mex, 2 wind, 1 energy storagedone ~1:56, middle half 1:43–2:07

    By 1:39 in all: 3 mex · 2 wind · 1 energy storage

    The example game in this phase · 5 steps
    1. Mex ×3
    2. Wind ×3for Air
    3. Wind ×2
    4. Energy storage
    5. ShipyardShipyarddone 1:57 · typical 1:56
  2. 2

    Shipyard to 5:00

    Economy
    • Metal Extractor5Mex
    • Tidal Generator2Tidal
    Builders
    • Construction Ship2 Con ship
    Army
    • Riptide2 Frigate
    • Herring1 Missile corvette
    • Oppressor1 Destroyer
    Other
    • Naval Radar / Sonar Tower1 Naval Radar / Sonar Tower

    Some games also: Urchin (46%) · mex (38%) · wind (37%) · submarine (36%) · wind (36%)

    By 5:00 in all: 8 mex · 3 wind · 2 tidal · 1 energy storage

    The example game in this phase · 21 steps
    1. HerringMissile corvette ×2
    2. Construction ShipCon ship ×2
    3. RiptideFrigate ×2done 2:45 · typical 3:50
    4. Mex ×2
    5. UrchinUrchin
    6. Mex
    7. Mex
    8. Naval Radar / Sonar TowerNaval Radar / Sonar Tower ×2
    9. Mex ×2
    10. Construction ShipCon ship
    11. Tidal
    12. Wind
    13. Construction ShipCon ship
    14. Mex
    15. Radar TowerRadar Tower
    16. Tidal
    17. Wind
    18. Naval Energy Converter
    19. ThistleThistle
    20. UrchinUrchin
    21. Tidal
  3. 3

    5:00 to 10:00

    Economy
    • Metal Extractor1Mex
    • Wind Turbine8Wind
    Builders
    • Construction Ship1 Con ship
    • Death Cavalry1 Death Cavalry
    Army
    • Urchin1 Urchin
    • Riptide5 Frigate
    • Oppressor2 Destroyer
    • Herring2 Missile corvette
    Other
    • Naval Radar / Sonar Tower1 Naval Radar / Sonar Tower

    Some games also: Naval Construction Turret (49%) · Guard (46%) · tidal (40%) · Radar Tower (39%) · wind (34%)

    By 10:00 in all: 9 mex · 10 wind · 4 wind · 4 tidal · 1 energy storage · 1 Naval Construction Turret

    The example game in this phase · 103 steps
    1. OppressorDestroyerdone 5:55 · typical 5:15
    2. Wind
    3. Naval Energy Converter
    4. Tidal
    5. ThistleThistle
    6. Wind
    7. Naval Radar / Sonar TowerNaval Radar / Sonar Tower
    8. Naval Energy Converter
    9. Wind
    10. GuardGuard
    11. Tidal
    12. Naval Energy Converter
    13. RiptideFrigate
    14. GuardGuard
    15. Wind
    16. GuardGuard
    17. Tidal
    18. RiptideFrigate
    19. Wind
    20. Wind
    21. RiptideFrigate
    22. Wind
    23. Wind ×2
    24. Death CavalryDeath Cavalry
    25. Wind
    26. Tidal
    27. Wind
    28. Wind
    29. Wind
    30. Death CavalryDeath Cavalry
    31. Wind ×2
    32. Wind
    33. Wind
    34. RiptideFrigate
    35. Wind ×2
    36. Death CavalryDeath Cavalry
    37. Wind
    38. Wind
    39. Naval Energy Converter
    40. Wind
    41. HerringMissile corvette
    42. Naval Construction Turret
    43. OppressorDestroyer
    44. Naval Energy Converter
    45. Wind
    46. RiptideFrigate
    47. Naval Energy Converter
    48. Wind
    49. RiptideFrigate
    50. Advanced Metal ExtractorT2 mexdone 10:19 · typical 9:59
    51. Wind
    52. Naval Energy Converter
    53. DolphinDolphin
    54. RiptideFrigate
    55. Wind
    56. Naval Energy Converter
    57. RiptideFrigate
    58. Naval Radar / Sonar TowerNaval Radar / Sonar Tower
    59. Wind
    60. Naval Energy Converter
    61. Death CavalryDeath Cavalry
    62. Wind
    63. Naval Energy Converter
    64. RiptideFrigate
    65. UrchinUrchin
    66. Advanced Metal ExtractorT2 mex
    67. Wind
    68. HerringMissile corvette
    69. Naval Energy Converter
    70. OppressorDestroyer
    71. Wind
    72. SlingshotSlingshot
    73. Wind
    74. Construction ShipCon ship
    75. Naval Construction Turret
    76. Wind
    77. RiptideFrigate
    78. Advanced Metal ExtractorT2 mex
    79. Naval Construction Turret
    80. Wind
    81. RiptideFrigate
    82. Naval Construction Turret ×2
    83. Wind
    84. Advanced ShipyardAdvanced Shipyarddone 12:51
    85. RiptideFrigate
    86. Death CavalryDeath Cavalry
    87. Wind
    88. Advanced Construction SubAdvanced Construction Sub
    89. UrchinUrchin
    90. Wind
    91. Death CavalryDeath Cavalry
    92. Construction ShipCon ship
    93. PhantasmRadar jammer ship
    94. Construction ShipCon ship
    95. Wind
    96. Naval Advanced Metal ExtractorNaval Advanced Metal Extractordone 13:48
    97. DespotBattleshipnot finished by 15:00
    98. Death CavalryDeath Cavalry
    99. Advanced Metal ExtractorT2 mex
    100. Wind
    101. Naval Advanced Metal ExtractorNaval Advanced Metal Extractor
    102. Wind ×3
    103. Naval Advanced Metal ExtractorNaval Advanced Metal Extractor

Counts are medians over the build's games: half of them build more, half fewer. The example game is rokbe's (32 OS, 29/08/2026); pick another.

Team trades

IN AT LEAST 30% OF ITS GAMES

You hand over

  • Wind Turbine3 Wind to Airfirst at 1:46 · in 77% of games

You get

  • Finch1 Finch from Airfirst at 2:00 · in 80% of games
  • Lazarus1 Lazarus from Geofirst at 2:13 · in 63% of games
  • Hephaestus1 Heavy transport from Airfirst at 2:15 · in 65% of games
  • Construction Bot1 Con bot from Geofirst at 2:26 · in 70% of games
  • Hercules1 Light transport from Airfirst at 2:34 · in 32% of games
  • Advanced Construction Bot1 T2 con bot from Techfirst at 8:09 · in 89% of games

How it plays out

Typical game of this build, running totals by minute

Metal produced

010k20k30k
0:005:0010:0015:00

metal

Enemy metal destroyed

05k10k
0:005:0010:0015:00

metal

Own metal lost

02.5k5k7.5k
0:005:0010:0015:00

metal

1756 games.

Show as table
ByMetal produced: This buildEnemy metal destroyed: This buildOwn metal lost: This build
1:0040300
2:0093700
3:00155300
4:002539051
5:003717176103
6:005044484281
7:006488974599
8:00806916701013
9:00968326041541
10:001153737182343
11:001368547653112
12:001625058753910
13:001895468794652
14:002167279375711
15:002457688436529
WHAT THE NUMBERS SAY

Standard Beach sea play has the lowest team win rate of these builds and destroys far less enemy metal early than it loses eco time.

  • + Metal produced climbs to 24945 by 15:00, the highest of all six roles.
  • + Riptide and Oppressor together make 63% of army, a focused naval composition.
  • − Enemy metal destroyed is only 200 by 5:00, barely contesting early sea.
  • − T2 factory only reached in 35% of games, behind other roles' T2 timing.
THE EXAMPLE YOU ARE READING

rokbe

31.6 OS · 29/08/2026

Open source match ↗

5 received units · includes a constructor
30 metal received · 49555 energy received

Allied construction assistance is unknown. Timings are observations, not a promise of solo reproducibility.

Typical milestones

Shipyard1:56Middle 50%: 1:43–2:07 · n=1753
Riptide3:50Middle 50%: 3:12–4:34 · n=1710
Oppressor5:15Middle 50%: 4:28–6:07 · n=1692
Advanced Metal Extractor9:59Middle 50%: 9:17–10:55 · n=1485

Played most by

EpicTyrannus120games of this buildDamsko69games of this buildKbot_my_Ahole67games of this buildWaboum64games of this buildPRO_HYDRA63games of this build